 Dungeon Crawl Stone Soup version 0.30-a0-4-ga7cffc901d (webtiles) character file.

Game seed: 18390392633546276659

5551 PyroL the Frost Mage (level 10, -7/74 HPs)
             Began as a Black Draconian Ice Elementalist on Aug 21, 2022.
             Was a Believer of Vehumet.
             Mangled by an orc warlord
             ... wielding a +6 battleaxe
              (28 damage)
             ... in a bailey.
             The game lasted 00:32:32 (9811 turns).

PyroL the Frost Mage (DrIE)                         Turns: 9811, Time: 00:32:32

Health: -7/74      AC: 24    Str: 11    XL:     10   Next: 44%
Magic:  30/30      EV: 12    Int: 21    God:    Vehumet [**....]
Gold:   595        SH:  0    Dex: 12    Spells: 13/24 levels left

rFire   . . .      SeeInvis .    x - +6 flail of the Onslaught {freeze, Int+2}
rCold   . . .      Faith    .    (no shield)
rNeg    . . .      Spirit   .    (body armour unavailable)
rPois   .          Reflect  .    (helmet restricted)
rElec   +          Harm     .    C - +0 cloak {Stlth+}
rCorr   .          Rampage  +    (no gloves)
Will    .....                    q - +2 pair of boots {rampage}
Stlth   +++.......               k - amulet of magic regeneration
HPRegen 0.22/turn                f - +4 ring of protection
MPRegen 0.62/turn                w - ring of magical power

@: mighty, ice-armoured, short of breath
A: breathe lightning, AC +7, unfitting armour, electricity resistance,
cold-blooded
a: Breathe Lightning, Renounce Religion


You were in a bailey.
You worshipped Vehumet.
Vehumet was pleased with you.
You visited 2 branches of the dungeon, and saw 9 of its levels.
You also visited: Ossuary and Bailey.

You collected 595 gold pieces.

Inventory:

Hand Weapons
 c - a +0 shortbow
 n - a +0 trident
 x - the +6 flail of the Onslaught (weapon) {freeze, Int+2}
   (You found it on level 6 of the Dungeon)

   It freezes those it strikes, dealing additional cold damage.
   It can also slow down cold-blooded creatures.
   Int:       It affects your intelligence (+2).
Missiles
 h - 2 throwing nets
Armour
 q - a +2 pair of boots of rampaging (worn)
 C - a +0 cloak of stealth (worn)
Magical Staves
 u - a staff of air
Jewellery
 f - a +4 ring of protection (left hand)
 k - an amulet of magic regeneration (around neck)
 t - a ring of poison resistance
 w - a ring of magical power (right hand)
 z - a ring of protection from fire
Wands
 l - a wand of mindburst (15)
Scrolls
 b - a scroll of poison {unknown}
 e - 2 scrolls of enchant weapon
 i - a scroll of fear {unknown}
 j - 2 scrolls of silence
 m - 3 scrolls of torment
 p - a scroll of enchant armour
 s - 3 scrolls of teleportation
 v - a scroll of vulnerability
 F - a scroll of immolation {unknown}
 I - a scroll of noise {unknown}
Potions
 a - a potion of magic
 d - 4 potions of curing
 g - a potion of flight {unknown}
 o - 3 potions of attraction
 r - a potion of mutation {unknown}
 A - a potion of haste
 D - 2 potions of degeneration {unknown}
 E - a potion of resistance {unknown}
 G - a potion of lignification {unknown}
 H - a potion of heal wounds {unknown}


   Skills:
 + Level 2.7 Fighting
 - Level 4.8 Ranged Weapons
 + Level 3.1 Dodging
 - Level 1.7 Stealth
 + Level 7.7 Spellcasting
 * Level 12.2 Ice Magic


You had 13 spell levels left.
You knew the following spells:

 Your Spells              Type           Power      Damage    Failure   Level
a - Freeze                Ice            100%       1d11      1%          1
b - Ozocubu's Armour      Ice            56%        N/A       1%          3
c - Frozen Ramparts       Ice            100%       1d16      1%          3
d - Hailstorm             Conj/Ice       33%        3d8       7%          4

Your spell library contained the following spells:

 Spells                   Type           Power      Damage    Failure   Level
 Stone Arrow              Conj/Erth      16%        3d8       24%         3
 Apportation              Tloc           16%        N/A       9%          1
 Beastly Appendage        Tmut           16%        N/A       9%          1
 Necrotise                Necr           32%        1d5       9%          1
 Summon Small Mammal      Summ           32%        N/A       9%          1
 Wereblood                Tmut           8%         N/A       12%         2
 Spider Form              Tmut/Pois      8%         N/A       24%         3


Dungeon Overview and Level Annotations

Branches:
Dungeon (8/15)             Temple (1/1) D:6         Ossuary (visited)
 Bailey (1/1)
   Lair: D:8-11

Altars:
Ashenzari
Cheibriados
Dithmenos
Elyvilon
Fedhas
Gozag
Hepliaklqana
Kikubaaqudgha
Makhleb
Nemelex Xobeh
Okawaru
Qazlal
Ru
Trog
Uskayaw
Vehumet
Wu Jian
Xom
Yredelemnul
Zin


Innate Abilities, Weirdness & Mutations

You can breathe wild blasts of lightning.
Your glossy black scales are hard. (AC +7)
You cannot fit into any form of body armour.
You are resistant to electric shocks. (rElec)
You are cold-blooded and may be slowed by cold attacks.


Message History

You tail-slap the orc warlord, but do no damage.
The orc warlord is moderately wounded.
The orc warlord hits you with a +6 battleaxe!
The orc hits you but does no damage.
You barely miss the orc warlord. You punch the orc warlord!
The orc warlord is heavily wounded.
The orc warlord closely misses you. The orc barely misses you.
The orc warlord hits you with a +6 battleaxe!
The orc barely misses you.
You barely miss the orc warlord.
The orc warlord is heavily wounded.
The orc warlord hits you with a +6 battleaxe!
The orc hits you but does no damage.
You hit the orc warlord. You freeze the orc warlord.
The orc warlord is heavily wounded.
The orc warlord hits you with a +6 battleaxe!
* * * LOW HITPOINT WARNING * * *
The orc hits you but does no damage.
Activating: Breathe Lightning (3% risk of failure)
Press: ? - help, Dir - look around, f - activate You breathe a wild blast of lightning!
The orb of electricity explodes!
The orb of electricity engulfs the orc!!!
You kill the orc!
Vehumet accepts your kill.
The orb of electricity engulfs the orc warlord but does no damage.
The orc warlord is heavily wounded.
The orb of electricity engulfs you. You resist.
* * * LOW HITPOINT WARNING * * *
The orb of electricity explodes!
The orb of electricity engulfs the orc warlord.
The orc warlord is heavily wounded.
The orb of electricity engulfs you. You resist.
* * * LOW HITPOINT WARNING * * *
You hear a shout!
The orc warlord closely misses you.
You can't do that yet.
You closely miss the orc warlord.
The orc warlord is heavily wounded.
The orc warlord hits you with a +6 battleaxe!!
You die...

♣♣.))....♣ ♣##)''##♣
##.[[..## #.).....#
##.......## #.........#
##........)##
#######.....⌠...).#######
##.....##@.......)##.....#
#.......)o.......)')).....
##......)##.......##)......
#.........#.......#))......
##.........##.....##........
#....)⌠.....#######.....⌠...
##......o..## ##........
#.......).# #........
##.......## ##.......


You could see an orc warlord.

Vanquished Creatures
  A two-headed ogre (D:7)
  A komodo dragon (D:6)
  A hornet (D:6)
  A steam dragon (D:6)
  2 swamp worms (D:7)
  15 orc warriors (Bailey)
  An ice beast (D:4)
  3 black bears
  2 sky beasts
  A centaur (D:6)
  3 ogres
  A kobold brigand (D:7)
  A phantom (D:4)
  3 bullfrogs
  2 necrophages
  5 scorpions
  3 wights (D:6)
  A howler monkey (D:8)
  6 hounds
  A jelly (D:5)
  2 orc priests
  Crazy Yiuf (D:7)
  A gnoll bouda (D:6)
  An iguana (D:5)
  6 orc wizards
  8 mummies (Ossuary)
  9 adders
  11 gnolls
  A white imp (D:6)
  5 worms
  4 dart slugs
  30 orcs
  10 endoplasms
  4 giant cockroaches
  13 goblins
  13 hobgoblins
  4 jackals (D:2)
  5 kobolds
  6 quokkas
  4 ball pythons
  2 bats (D:1)
  2 frilled lizards (D:2)
  A gnoll zombie (Ossuary)
  3 hobgoblin zombies (Ossuary)
  A kobold zombie (Ossuary)
  3 orc zombies (Ossuary)
  5 rats
209 creatures vanquished.

Vanquished Creatures (others)
  2 plants (D:7)
2 creatures vanquished.

Grand Total: 211 creatures vanquished

Notes
Turn   | Place    | Note
-------+----------+-------------------------------------------
     0 | D:1      | PyroL the Draconian Ice Elementalist began the quest for
                  | the Orb.
     0 | D:1      | Reached XP level 1. HP: 14/14 MP: 3/3
   404 | D:1      | Reached XP level 2. HP: 20/20 MP: 1/5
   963 | D:2      | Reached XP level 3. HP: 12/26 MP: 1/6
  1234 | D:2      | Learned a level 3 spell: Ozocubu's Armour
  1238 | D:2      | Learned a level 3 spell: Frozen Ramparts
  1340 | D:2      | Found an ornate altar of the Wu Jian Council.
  1445 | D:2      | Reached skill level 5 in Ice Magic
  1722 | D:2      | Reached XP level 4. HP: 33/33 MP: 8/8
  1728 | D:2      | You fall into a shaft and drop 2 floors!
  2086 | D:3      | Found a burning altar of Makhleb.
  2298 | D:3      | Found a faded altar of an unknown god.
  2456 | D:3      | Reached skill level 1 in Ranged Weapons
  2456 | D:3      | Reached XP level 5. HP: 33/38 MP: 1/9
  2772 | D:3      | Found a white marble altar of Elyvilon.
  2772 | D:3      | Found a shimmering altar of Xom.
  3030 | D:4      | Reached skill level 6 in Ice Magic
  3120 | D:4      | Reached XP level 6. HP: 45/45 MP: 5/11
  3744 | D:5      | Entered Level 5 of the Dungeon
  3813 | D:4      | Your scales start taking on a glossy black colour.
  3813 | D:4      | Reached XP level 7. HP: 41/50 MP: 11/13
  3813 | D:4      | Gained mutation: You are resistant to electric shocks.
                  | (rElec) [Black Draconian growth]
  3833 | D:4      | Reached skill level 7 in Ice Magic
  4438 | D:6      | Reached XP level 8. HP: 50/57 MP: 10/15
  4441 | D:6      | Reached skill level 8 in Ice Magic
  4605 | D:6      | Found a bloodstained altar of Trog.
  4615 | D:6      | Reached skill level 5 in Spellcasting
  5285 | D:6      | Noticed a hornet
  5312 | D:6      | Killed a hornet
  5313 | D:6      | Reached skill level 9 in Ice Magic
  5562 | D:6      | Reached XP level 9. HP: 41/62 MP: 17/17
  5571 | D:6      | Identified the +6 flail of the Onslaught {freeze, Int+2}
  5680 | D:6      | Found a staircase to the Ecumenical Temple.
  5725 | Temple   | Entered the Ecumenical Temple
  5751 | Temple   | Became a worshipper of Vehumet
  6468 | D:7      | Noticed a komodo dragon
  6483 | D:6      | Killed a komodo dragon
  6484 | D:6      | Reached skill level 10 in Ice Magic
  7014 | D:7      | Identified the +1 scale mail of Reason {MP+9 Int+9 Dex-2}
  7461 | D:7      | Noticed a two-headed ogre
  7695 | D:7      | Reached skill level 11 in Ice Magic
  7840 | D:7      | Found a runed translucent door.
  7841 | D:7      | Noticed Crazy Yiuf
  7901 | D:7      | Killed Crazy Yiuf
  8164 | D:7      | Killed a two-headed ogre
  8439 | D:8      | Found a sand-covered staircase.
  8443 | Ossuary  | Entered an ossuary
  8462 | Ossuary  | Reached * piety under Vehumet
  8462 | Ossuary  | Offered knowledge of Shock by Vehumet.
  8477 | Ossuary  | Reached XP level 10. HP: 36/69 MP: 20/20
  8926 | D:8      | Found a flagged portal.
  8936 | Bailey   | Entered a bailey
  8987 | Bailey   | Reached skill level 1 in Fighting
  9036 | Bailey   | Reached ** piety under Vehumet
  9036 | Bailey   | Offered knowledge of Magic Dart by Vehumet.
  9148 | Bailey   | Noticed an orc warlord
  9209 | Bailey   | Reached skill level 12 in Ice Magic
  9229 | Bailey   | Learned a level 4 spell: Hailstorm
  9789 | Bailey   | Offered knowledge of Stone Arrow by Vehumet.
  9811 | Bailey   | Mangled by an orc warlord

Illustrated notes

Levels and vault maps discovered:
D:1:      psy_arrival_radial01, layout_basic, minmay_misc_feat_room
D:2:      layout_basic, basic_altar
D:3:      layout_loops_ring, mainiacjoe_overflow_concentric_impassable,
          nicolae_overflow_two_pavilions, ebering_ecumenical_altar_box,
          chequers_decorated_corner
D:4:      layout_cave_pools, portal_sewer_entry_f
D:5:      layout_rooms
D:6:      layout_layer_cave, trog_ov_bears_minmay,
          minmay_temple_entry_large_hall
D:7:      layout_rooms, worms_lemuel, uniq_crazy_yiuf_cottage
D:8:      layout_basic, led_sif_pool, enter_bailey_3, enter_ossuary_5,
          uniq_joseph, uniq_grum, uniq_psyche, uniq_pikel
Temple:   nicolae_temple_bog_church
Bailey:   bailey_axe_minmay_hex_keep, bailey

Skill      XL: |  1  2  3  4  5  6  7  8  9 10 |
---------------+-------------------------------+-----
Ice Magic      | 5 6 7 9 11 12 | 12.2
Ranged Weapons | 1 2 3 4 |  4.8
Spellcasting   | 3 4 5 7 |  7.7
Dodging        | 3 |  3.1
Fighting       | 2 |  2.7
Stealth        | |  1.7

Action                   |  1- 3 |  4- 6 |  7- 9 | 10-12 || total
-------------------------+-------+-------+-------+-------++-------
Melee: Unarmed           |     1 |       |       |       ||     1
       Trident           |       |       |     8 |       ||     8
       Tailslap          |       |       |    15 |     7 ||    22
       Flail             |       |       |    67 |    95 ||   162
       Punch             |       |       |     1 |     3 ||     4
 Fire: Shortbow          |    73 |   106 |   100 |       ||   279
 Cast: Freeze            |    26 |    32 |    32 |     6 ||    96
       Frozen Ramparts   |       |    16 |    27 |    12 ||    55
       Ozocubu's Armour  |       |     7 |    24 |     8 ||    39
 Abil: Breathe Lightning |       |       |    15 |     4 ||    19
  Use: Scroll            |       |       |     7 |     5 ||    12
       Potion            |       |       |     1 |     2 ||     3
 Stab: Sleeping          |       |       |       |     1 ||     1
Armor: Skin              |    12 |    46 |   138 |    56 ||   252
Dodge: Dodged            |    24 |    47 |   150 |    66 ||   287

Table legend: (Time is in decaauts)
 A = Elapsed time spent in this place.
 B = Non-inter-level travel time spent in this place.
 C = Inter-level travel time spent in this place.
 D = Time resting spent in this place.
 E = Time spent auto-exploring this place.
 F = Levels seen in this place.
 G = Mean time per level.
                   A        B        C        D        E       F      G
               +--------+--------+--------+--------+--------+-----+--------+
         Total |   9999 |   9768 |    231 |   3030 |   4973 |  11 |  909.0 |
       Dungeon |   8507 |   8276 |    231 |   2267 |   4590 |   8 | 1063.4 |
        Temple |    182 |    182 |      0 |      0 |    143 |   1 |  182.0 |
       Ossuary |    424 |    424 |      0 |    248 |    102 |   1 |  424.0 |
        Bailey |    884 |    884 |      0 |    515 |    138 |   1 |  884.0 |
               +--------+--------+--------+--------+--------+-----+--------+

Top non-repeatable levels by time:
     D:6: 2402 daAuts
     D:4: 1459 daAuts
     D:1: 1207 daAuts
     D:7: 1112 daAuts
  Bailey: 884 daAuts
     D:2: 860 daAuts
     D:3: 766 daAuts
     D:5: 606 daAuts
 Ossuary: 424 daAuts
  Temple: 182 daAuts
     D:8: 91 daAuts
